 Dungeon Crawl Stone Soup version 0.30-a0-824-g6c64550be9 (webtiles) character file.

Game seed: 15162232168107027857

238 testman the Insei (level 5, -3/42 HPs)
             Began as a Draconian Transmuter on Feb 27, 2023.
             Was a Believer of Kikubaaqudgha.
             Slain by an orc
             ... wielding a +0 flail
              (7 damage)
             ... on level 5 of the Dungeon.
             The game lasted 00:09:15 (3602 turns).

testman the Insei (Draconian Transmuter)            Turns: 3602, Time: 00:09:15

Health: -3/42      AC:  7    Str: 12    XL:     5   Next: 78%
Magic:  9/9        EV: 12    Int: 15    God:    Kikubaaqudgha [**....]
Gold:   29         SH:  0    Dex: 12    Spells: 8/10 levels left

rFire   . . .      SeeInvis .      - Unarmed
rCold   . . .      Faith    .    (no shield)
rNeg    . . .      Spirit   .    (body armour unavailable)
rPois   .          Reflect  .    (helmet restricted)
rElec   .          Harm     .    k - +0 cloak
rCorr   .          Rampage  .    (no gloves)
Will    .....                    m - +0 pair of boots
Stlth   +                        q - amulet of regeneration
HPRegen 1.07/turn                (no ring)
MPRegen 0.11/turn                (no ring)

@: confused
A: AC +5, unfitting armour, cold-blooded
a: Renounce Religion, Unearth Wretches


You were on level 5 of the Dungeon.
You worshipped Kikubaaqudgha.
Kikubaaqudgha was pleased with you.
You visited 1 branch of the dungeon, and saw 5 of its levels.

You collected 159 gold pieces.
You spent 130 gold pieces at shops.

Inventory:

Missiles
 b - 9 poisoned darts
 c - 4 boomerangs
Armour
 k - a +0 cloak (worn)
 m - a +0 pair of boots (worn)
Jewellery
 q - an amulet of regeneration (around neck)
Scrolls
 d - a scroll of enchant armour {unknown}
 e - 2 scrolls of teleportation {unknown}
 s - a scroll of brand weapon {unknown}
 t - 2 scrolls of fear
 v - a scroll of butterflies {unknown}
 w - a scroll of blinking {unknown}
Potions
 a - a potion of lignification
 f - a potion of heal wounds
 g - a potion of attraction
 h - a potion of haste
 i - a potion of cancellation {unknown}
 j - a potion of ambrosia {unknown}
 l - 3 potions of brilliance
 n - 4 potions of curing
 o - 2 potions of mutation
 p - a potion of degeneration {unknown}
 r - a potion of invisibility {unknown}
 u - a potion of might {unknown}


   Skills:
 + Level 2.5 Fighting
 - Level 1.7 Dodging
 + Level 4.4 Unarmed Combat
 + Level 3.1 Spellcasting
 + Level 2.4 Necromancy
 + Level 2.3 Transmutations
 + Level 0.8 Poison Magic


You had 8 spell levels left.
You knew the following spells:

 Your Spells              Type           Power      Damage    Failure   Level
a - Beastly Appendage     Tmut           18%        N/A       8%          1
b - Necrotise             Necr           36%        1d5       7%          1

Your spell library contained the following spells:

 Spells                   Type           Power      Damage    Failure   Level
 Sublimation of Blood     Necr           9%         N/A       11%         2
 Kiss of Death            Conj/Necr      24%        2d7       12%         1
 Wereblood                Tmut           9%         N/A       12%         2
 Spider Form              Tmut/Pois      7%         N/A       30%         3
 Dazzling Flash           Conj/Hex       4%         N/A       52%         3
 Vhi's Electric Charge    Tloc/Air       4%         N/A       52%         3
 Animate Dead             Necr           9%         N/A       56%         4
 Ice Form                 Ice/Tmut       5%         N/A       77%         4
 Iskenderun's Mystic Bla  Conj/Tloc      2%         2d3       89%         4
 Arcjolt                  Conj/Air       1%         1d11      99%         5
 Starburst                Conj/Fire      1%         6d3       100%        6
 Maxwell's Capacitive Co  Air            1%         ∞         100%        8


Dungeon Overview and Level Annotations

Branches:
Dungeon (5/15)             Temple (0/1) D:4

Altars:
Kikubaaqudgha
Nemelex Xobeh

Shops:
D:3 [   D:4 ?


Innate Abilities, Weirdness & Mutations

Your plain brown scales are hard. (AC +5)
You cannot fit into any form of body armour.
You are cold-blooded and may be slowed by cold attacks.


Message History

You miss something. The orc hits you with a +0 flail.
The orc closely misses you. The orc hits you but does no damage.
Something hits you.
The orc priest looks satisfied for a moment.
You hit the orc.
The orc is lightly wounded.
The orc barely misses you. The orc hits you but does no damage.
The orc barely misses you.
You hear some strange, mumbled words.
A puff of flame appears from out of thin air!
The puff of flame misses you.
You closely miss the orc. The orc closely misses you. x2
The orc hits you but does no damage. Something hits you.
You bump into the rock wall.
The orc closely misses you. The orc hits you with a +0 short sword.
* * * LOW HITPOINT WARNING * * *
The orc barely misses you. Something hits you but does no damage.
You completely miss something.
Your tail-slap misses something.
The orc misses you. The orc hits you with a +0 short sword.
* * * LOW HITPOINT WARNING * * *
The orc barely misses you.
You hear some strange, mumbled words.
You are more confused.
You closely miss something.
Your tail-slap misses something.
The orc barely misses you. The orc closely misses you.
You hear some strange, mumbled words.
A magic dart appears from out of thin air!
The magic dart hits you!
* * * LOW HITPOINT WARNING * * *
The orc hits you but does no damage.
You bump into the rock wall.
The orc hits you but does no damage. x2
Something barely misses you. The orc closely misses you.
You hit the orc.
Your tail-slap misses the orc.
The orc is heavily wounded.
The orc barely misses you. The orc closely misses you.
The orc hits you but does no damage. Something hits you but does no damage.
You closely miss something.
Your tail-slap misses something.
The orc hits you with a +0 flail!
You die...
Kikubaaqudgha rasps: "You have failed me!
Welcome... death!"

###############
#..............
#..............
#..............
#..oo..........
#.o{@..........
#..o##.<.......
#$.. #.........
#... ######..##
#... .# #... .
#... #...


You could see an orc priest and 3 orcs.

Vanquished Creatures
  A hound (D:4)
  2 orc priests (D:5)
  An iguana (D:4)
  An orc wizard (D:3)
  3 adders
  2 worms (D:3)
  2 dart slugs (D:1)
  5 orcs
  9 ball pythons
  5 bats
  6 endoplasms
  3 giant cockroaches
  3 hobgoblins
  7 kobolds
  2 frilled lizards
  5 goblins
  5 rats
62 creatures vanquished.

Notes
Turn   | Place    | Note
-------+----------+-------------------------------------------
     0 | D:1      | testman the Draconian Transmuter began the quest for the
                  | Orb.
     0 | D:1      | Reached XP level 1. HP: 16/16 MP: 3/3
   181 | D:1      | Reached XP level 2. HP: 22/24 MP: 3/5
   512 | D:1      | Found a faded altar of an unknown god.
   521 | D:1      | Prayed at the altar of an unknown god.
   521 | D:1      | Became a worshipper of Kikubaaqudgha
   521 | D:1      | Reached * piety under Kikubaaqudgha
   521 | D:1      | Received a gift from Kikubaaqudgha
  1093 | D:2      | Reached XP level 3. HP: 22/29 MP: 6/6
  1358 | D:2      | Reached skill level 1 in Necromancy
  1856 | D:3      | Found a sparkling altar of Nemelex Xobeh.
  1910 | D:3      | Reached XP level 4. HP: 36/36 MP: 5/7
  1936 | D:3      | Reached skill level 4 in Unarmed Combat
  1943 | D:3      | Reached ** piety under Kikubaaqudgha
  1961 | D:3      | HP: 1/36 [poisoned by a goblin]
  2390 | D:3      | You fall into a shaft and drop 1 floor!
  2572 | D:3      | Found Peimurgha's Armour Boutique.
  2819 | D:4      | Reached XP level 5. HP: 20/41 MP: 7/9
  2821 | D:4      | Learned a level 1 spell: Necrotise
  3105 | D:4      | Found Foczoveo's Magic Scroll Shop.
  3108 | D:4      | Bought a scroll of identify for 26 gold pieces
  3108 | D:4      | Bought a scroll of identify for 26 gold pieces
  3108 | D:4      | Bought a scroll of identify for 26 gold pieces
  3108 | D:4      | Bought a scroll of fear for 52 gold pieces
  3493 | D:4      | Found a staircase to the Ecumenical Temple.
  3570 | D:5      | Entered Level 5 of the Dungeon
  3599 | D:5      | HP: 1/42 [something/magic dart (9)]
  3602 | D:5      | Slain by an orc

Illustrated notes

Levels and vault maps discovered:
D:1:      minmay_arrival_four_houses, layout_loops_cross,
          shapermc_ecumenical_altar_venn
D:2:      minmay_skewed_foursquare, layout_basic, minmay_tetromino_i4
D:3:      layout_basic, mainiacjoe_overflow_surrounded_room, serial_shops, shop,
          chequers_serial_rivers_micro_e, grunt_ministairs_10
D:4:      layout_loops_corners, minmay_temple_entry_nine_rooms, serial_shops,
          kennysheep_mini, hex_tiny
D:5:      layout_gridville, mainiacjoe_overflow_catwalk,
          ebering_ghost_disaster_area

Skill      XL: |  1  2  3  4  5 |
---------------+----------------+-----
Fighting       | 2 |  2.5
Necromancy     | 1 2 |  2.4
Unarmed Combat | 4 |  4.4
Spellcasting   | 3 |  3.1
Dodging        | |  1.7
Transmutations | |  2.3
Poison Magic   | |  0.8

Action                     |  1- 3 |  4- 6 || total
---------------------------+-------+-------++-------
  Melee: Unarmed           |   101 |    86 ||   187
         Kick              |    12 |    22 ||    34
         Headbutt          |     7 |     7 ||    14
         Tailslap          |    10 |    14 ||    24
         Punch             |     3 |     2 ||     5
   Cast: Beastly Appendage |    16 |     9 ||    25
    Use: Scroll            |       |     6 ||     6
   Stab: Sleeping          |     1 |       ||     1
 Armour: Skin              |    37 |    40 ||    77
  Dodge: Dodged            |    80 |    74 ||   154

Table legend: (Time is in decaauts)
 A = Elapsed time spent in this place.
 B = Non-inter-level travel time spent in this place.
 C = Inter-level travel time spent in this place.
 D = Time resting spent in this place.
 E = Time spent auto-exploring this place.
 F = Levels seen in this place.
 G = Mean time per level.
                   A        B        C        D        E       F      G
               +--------+--------+--------+--------+--------+-----+--------+
         Total |   3593 |   3384 |    209 |      0 |   2927 |   5 |  718.6 |
       Dungeon |   3593 |   3384 |    209 |      0 |   2927 |   5 |  718.6 |
               +--------+--------+--------+--------+--------+-----+--------+

Top non-repeatable levels by time:
     D:3: 1002 daAuts
     D:2: 977 daAuts
     D:4: 867 daAuts
     D:1: 715 daAuts
     D:5: 29 daAuts
